 Dungeon Crawl Stone Soup version 0.29.0-4-gdea44cf6ec (webtiles) character file.

Game seed: 16594714980643867511

542 qw the Grappler (level 7, 0/66 HPs)
             Began as a Troll Cinder Acolyte on Aug 31, 2022.
             Was a High Priest of Ignis.
             Slain by Duvessa
             ... wielding a +0 rapier
              (17 damage)
             ... on level 4 of the Dungeon.
             The game lasted 00:01:24 (2661 turns).

qw the Grappler (Troll Cinder Acolyte)              Turns: 2661, Time: 00:01:25

Health: 0/66       AC: 14    Str: 25    XL:     7   Next: 6%
Magic:  7/7        EV:  9    Int: 10    God:    Ignis [*****.]
Gold:   218        SH:  0    Dex:  5    Spells: 8/8 levels left

rFire   + + .      SeeInvis .     - Unarmed
rCold   . . .      Faith    .   (no shield)
rNeg    . . .      Spirit   .   f - +2 robe {rF+}
rPois   .          Reflect  .   (helmet restricted)
rElec   .          Harm     .   c - +0 cloak
rCorr   .          Rampage  .   (gloves unavailable)
Will    .....                   (boots unavailable)
Stlth   +.........              (no amulet)
HPRegen 1.01/turn               (no ring)
MPRegen 0.10/turn               (no ring)

@: fiery-armoured
A: large, unfitting armour, claws 3, regeneration 1, shaggy fur 1, tough skin 1,
MP-powered wands
a: Renounce Religion, Fiery Armour, Foxfire Swarm, Rising Flame


You were on level 4 of the Dungeon.
You worshipped Ignis.
Ignis was extremely pleased with you.
You visited 1 branch of the dungeon, and saw 4 of its levels.

You collected 218 gold pieces.


Innate Abilities, Weirdness & Mutations

You are too large for most types of armour.
You have claws for hands.
Your natural rate of healing is unusually fast.
You are covered in fur. (AC +1)
You have tough skin. (AC +1)
You expend magic power (3 MP) to strengthen your wands.


   Skills:
 + Level 2.4 Fighting
 - Level 8.1 Unarmed Combat
 - Level 1.0 Spellcasting
 - Level 2.1 Fire Magic


You had 8 spell levels left.
You didn't know any spells.
Your spell library contained the following spells:

 Spells                   Type           Power      Damage    Failure   Level
 Scorch                   Fire           8%         2d5       22%         2

Inventory:

Armour
 c - a +0 cloak (worn)
 f - a +2 robe of fire resistance (worn)
Jewellery
 j - a ring of resist corrosion
Scrolls
 a - a scroll of vulnerability {unknown}
 e - 3 scrolls of identify
 i - a scroll of enchant armour {unknown}
Potions
 b - 2 potions of mutation
 d - 2 potions of curing
 g - a potion of cancellation {unknown}
 h - a potion of resistance {unknown}

Dungeon Overview and Level Annotations

Branches:
Dungeon (4/15)
 Temple: D:4-7

Altars:

Shops:
D:1 =

Annotations:
D:4 Duvessa


Message History

Dowan hits you with a +0 dagger.
You claw Dowan!
You kill Dowan!
You hear a distant scream of rage.
Duvessa, Sister of Dowan comes into view.
She is wielding a +0 rapier and carrying a wand of roots (1).
Your Unarmed Combat skill increases to level 8!
You have reached level 7!
2652 ||| Stepping ~*~*~tactically~*~*~ (stealth).
You start resting.
Duvessa is nearby!
2654 ||| Stepping ~*~*~tactically~*~*~ (stealth).
You see here 14 gold pieces.
Duvessa shouts!
Duvessa goes berserk!
Duvessa hits you with a +0 rapier!!
You scratch Duvessa.
Duvessa is lightly wounded.
Duvessa hits you with a +0 rapier!!
2657 ||| INVOKING Fiery Armour.
A protective cloak of flame settles atop you.
Duvessa hits you with a +0 rapier. x2
You barely miss Duvessa.
Duvessa is lightly wounded.
Duvessa hits you with a +0 rapier!
Duvessa is burned by your cloak of flames.
Duvessa is lightly wounded.
You mangle Duvessa!!
Duvessa is heavily wounded.
Duvessa hits you with a +0 rapier.
Duvessa is burned by your cloak of flames.
Duvessa is heavily wounded.
You claw Duvessa! Your claw misses Duvessa.
Duvessa is severely wounded.
Duvessa hits you but does no damage.
Duvessa is burned by your cloak of flames.
Duvessa is severely wounded.
Duvessa closely misses you.
You scratch Duvessa.
Duvessa is almost dead.
Duvessa hits you with a +0 rapier!
You die...

#?..............:...
#..................
#..................
#..................
#...............[..
#..................
##.................
##.)...............
#e@................
#$.#$...............
#.###...............
#.. ##.........#....
#. ##.......###...
.# ##.....## ##.. ##
####### ##... #..##
#.##


You could see Duvessa (berserk).

Vanquished Creatures
  Sigmund (D:2)
  A necrophage (D:4)
  Dowan (D:4)
  A howler monkey (D:4)
  An orc priest (D:3)
  Ijyb (D:3)
  Robin (D:4)
  7 gnolls
  4 adders
  A worm (D:2)
  A dart slug (D:2)
  2 orcs (D:3)
  3 ball pythons
  5 bats
  7 endoplasms
  2 giant cockroaches
  4 hobgoblins
  4 kobolds
  2 frilled lizards (D:3)
  15 goblins
  7 rats
71 creatures vanquished.

Vanquished Creatures (others)
  A fungus (D:1)
  4 plants (D:1)
5 creatures vanquished.

Grand Total: 76 creatures vanquished

Notes
Turn   | Place    | Note
-------+----------+-------------------------------------------
     0 | D:1      | qw the Troll Cinder Acolyte began the quest for the Orb.
     0 | D:1      | Reached XP level 1. HP: 22/22 MP: 1/1
     0 | D:1      | 0 ||| qw: Version: 0.1-a-97-g2dd2ca4
     0 | D:1      | 0 ||| qw: Game counter: 4490
     0 | D:1      | 0 ||| qw: Always use a shield: true
     0 | D:1      | 0 ||| qw: God list: Okawaru
     0 | D:1      | 0 ||| qw: Allow faded altars: false
     0 | D:1      | 0 ||| qw: Do Orc after D:15 true
     0 | D:1      | 0 ||| qw: Do second Lair branch before Depths: true
     0 | D:1      | 0 ||| qw: Lair rune preference: random
     0 | D:1      | 0 ||| qw: Plans: Normal
     0 | D:1      | 0 ||| PLANNING D:1-11
    52 | D:1      | 52 ||| Stepping ~*~*~tactically~*~*~ (stealth).
    55 | D:1      | 55 ||| Stepping ~*~*~tactically~*~*~ (stealth).
    90 | D:1      | Reached XP level 2. HP: 29/29 MP: 2/2
    93 | D:1      | Found Efuwiw's Jewellery Shoppe.
    98 | D:1      | 98 ||| SHOPLISTING +6 ring of strength (432 gold, have 0).
    98 | D:1      | 98 ||| SHOPLISTING amulet of the acrobat (360 gold, have
                  | 0).
    98 | D:1      | 98 ||| SHOPLISTING ring of poison resistance (240 gold,
                  | have 0).
    98 | D:1      | 98 ||| SHOPLISTING ring of positive energy (240 gold, have
                  | 0).
    98 | D:1      | 98 ||| SHOPLISTING ring of protection from fire (300 gold,
                  | have 0).
   152 | D:1      | 152 ||| Stepping ~*~*~tactically~*~*~ (outnumbered).
   153 | D:1      | 153 ||| Stepping ~*~*~tactically~*~*~ (outnumbered).
   154 | D:1      | 154 ||| Stepping ~*~*~tactically~*~*~ (outnumbered).
   177 | D:1      | Found a faded altar of an unknown god.
   314 | D:1      | Reached skill level 4 in Unarmed Combat
   325 | D:1      | Reached XP level 3. HP: 28/36 MP: 3/3
   459 | D:1      | 459 ||| DROPPING ring of magical power.
   460 | D:1      | 460 ||| READING scroll labelled DOUXZABOSHRE.
   461 | D:1      | 461 ||| READING scroll labelled DYSTET KUFOO.
   562 | D:1      | 562 ||| READING scroll labelled YWNUTU TULOG.
   563 | D:1      | 563 ||| READING scroll labelled MYMUYSE SOO.
   597 | D:2      | 597 ||| INVOKING Fiery Armour.
   601 | D:2      | 601 ||| Stepping ~*~*~tactically~*~*~ (outnumbered).
   602 | D:2      | 602 ||| Stepping ~*~*~tactically~*~*~ (outnumbered).
   603 | D:2      | 603 ||| Stepping ~*~*~tactically~*~*~ (outnumbered).
   604 | D:2      | 604 ||| Stepping ~*~*~tactically~*~*~ (outnumbered).
   605 | D:2      | 605 ||| Stepping ~*~*~tactically~*~*~ (outnumbered).
   606 | D:2      | 606 ||| Stepping ~*~*~tactically~*~*~ (outnumbered).
   607 | D:2      | 607 ||| Stepping ~*~*~tactically~*~*~ (outnumbered).
   660 | D:2      | Reached skill level 5 in Unarmed Combat
   660 | D:2      | Reached XP level 4. HP: 44/44 MP: 4/4
   690 | D:2      | 690 ||| Stepping ~*~*~tactically~*~*~ (hiding).
   691 | D:2      | 691 ||| Stepping ~*~*~tactically~*~*~ (hiding).
   692 | D:2      | 692 ||| Stepping ~*~*~tactically~*~*~ (hiding).
   992 | D:2      | 992 ||| Stepping ~*~*~tactically~*~*~ (stealth).
  1119 | D:2      | Noticed Sigmund
  1123 | D:2      | Killed Sigmund
  1124 | D:2      | Reached skill level 6 in Unarmed Combat
  1124 | D:2      | Reached XP level 5. HP: 47/50 MP: 5/5
  1335 | D:2      | 1335 ||| UPGRADING to +0 cloak.
  1340 | D:2      | 1340 ||| UPGRADING to +2 robe of fire resistance.
  1350 | D:2      | 1350 ||| DROPPING +0 robe.
  1351 | D:2      | 1351 ||| READING 2 scrolls labelled ULORIA DEAXT.
  1352 | D:2      | 1352 ||| READING scroll labelled ADWESE QIAMOE.
  1355 | D:2      | 1355 ||| DRINKING 2 sapphire potions.
  1355 | D:2      | Gained mutation: You expend magic power (3 MP) to
                  | strengthen your wands. [potion of mutation]
  1473 | D:3      | Noticed Ijyb
  1474 | D:3      | 1474 ||| Stepping ~*~*~tactically~*~*~ (hiding).
  1478 | D:3      | Killed Ijyb
  1479 | D:3      | Reached XP level 6. HP: 59/59 MP: 6/6
  1598 | D:3      | 1598 ||| Stepping ~*~*~tactically~*~*~ (hiding).
  1612 | D:3      | Reached skill level 7 in Unarmed Combat
  1912 | D:3      | 1912 ||| Stepping ~*~*~tactically~*~*~ (stealth).
  1916 | D:3      | 1916 ||| Stepping ~*~*~tactically~*~*~ (stealth).
  2129 | D:3      | 2129 ||| DRINKING 3 lumpy black potions.
  2130 | D:3      | 2130 ||| DRINKING 2 murky puce potions.
  2131 | D:3      | 2131 ||| READING 2 scrolls of identify.
  2131 | D:3      | 2131 ||| IDENTIFYING fuming dark potion
  2132 | D:3      | 2132 ||| DROPPING potion of lignification.
  2133 | D:3      | 2133 ||| DROPPING potion of attraction.
  2170 | D:4      | 2170 ||| STAIRDANCE
  2175 | D:4      | Noticed Robin
  2176 | D:4      | 2176 ||| STAIRDANCE
  2185 | D:4      | 2185 ||| STAIRDANCE
  2202 | D:4      | 2202 ||| STAIRDANCE
  2214 | D:4      | Killed Robin
  2217 | D:4      | 2217 ||| INVOKING Fiery Armour.
  2645 | D:4      | Noticed Dowan
  2651 | D:4      | Killed Dowan
  2651 | D:4      | Noticed Duvessa
  2652 | D:4      | Reached skill level 8 in Unarmed Combat
  2652 | D:4      | Reached XP level 7. HP: 62/66 MP: 7/7
  2652 | D:4      | 2652 ||| Stepping ~*~*~tactically~*~*~ (stealth).
  2654 | D:4      | 2654 ||| Stepping ~*~*~tactically~*~*~ (stealth).
  2657 | D:4      | 2657 ||| INVOKING Fiery Armour.
  2659 | D:4      | HP: 15/66 [Duvessa/+0 rapier (4)]
  2661 | D:4      | Slain by Duvessa

Levels and vault maps discovered:
D:1:      roderic_dead_forest, layout_rooms, serial_shops, shop,
          shapermc_ecumenical_altar_mp_ritualfount
D:2:      minmay_angry_zag, layout_loops_cross, uniq_sigmund
D:3:      layout_loops_ring, uniq_ijyb
D:4:      layout_cave_pods, gammafunk_temple_overflow_statue,
          nicolae_specific_store, uniq_robin, uniq_duvessa

Skill      XL: |  1  2  3  4  5  6 |
---------------+-------------------+-----
Unarmed Combat | 4 5 6 8 |  8.1
Fighting       | |  2.4
Spellcasting   | |  1.0
Fire Magic     | |  2.1

Action                   |  1- 3 |  4- 6 |  7- 9 || total
-------------------------+-------+-------+-------++-------
Melee: Unarmed           |    56 |    96 |     5 ||   157
       Punch             |       |     3 |       ||     3
Invok: Fiery Armour      |     1 |     1 |     1 ||     3
  Use: Scroll            |     4 |     3 |       ||     7
       Potion            |       |     3 |       ||     3
Armor: Robe              |    17 |    30 |     1 ||    48
Dodge: Dodged            |    25 |    41 |     1 ||    67

Table legend:
 A = Non-vault XP
 B = Vault XP
 C = Vault XP percentage of total XP
 D = Non-vault monster count
 E = Vault monster count
 F = Vault count percentage of total count
                 A         B        C        D         E       F
            +---------+---------+-------+---------+---------+-------
      Total |     401 |     374 |  48.3 |      53 |      18 |  25.4
            +---------+---------+-------+---------+---------+-------
        D:1 |      50 |       0 |   0.0 |      23 |       0 |   0.0
        D:2 |      68 |     235 |  77.6 |      11 |       4 |  26.7
        D:3 |      67 |      54 |  44.6 |       9 |      10 |  52.6
        D:4 |     216 |      85 |  28.2 |      10 |       4 |  28.6
            +---------+---------+-------+---------+---------+-------
